 Dungeon Crawl Stone Soup version 0.31.0-12-g77e489cdc1 (webtiles) character file.

Game seed: 18168120126464920008

41752 Ekaitz the Toxicologist (level 13, -18/100 HPs)
             Began as a Demonspawn Alchemist on Feb 16, 2024.
             Was an Elder of Sif Muna.
             Demolished by a death knight
             ... wielding a +0 battleaxe
              (20 damage)
             ... on level 13 of the Dungeon on Feb 19, 2024.
             The game lasted 00:50:03 (13794 turns).

Ekaitz the Toxicologist (Demonspawn Alchemist)     Turns: 13794, Time: 00:50:04

Health: -18/100    AC: 13    Str:  9    XL:     13   Next: 81%
Magic:  31/31      EV: 13    Int: 28    God:    Sif Muna [****..]
Gold:   1239       SH: 11    Dex: 15    Spells: 12/24 levels left

rFire   . . .        S - staff of Wugeses {^Drain rPois rC+++ Int+7 Alchemy}
rCold   + + +        Y - +0 buckler
rNeg    . . .        E - +0 troll leather armour
rPois   +            i - +3 crown of Dyrovepreva {rElec Int+2 SInv}
rElec   +            H - +2 cloak {rCorr}
rCorr   +            (gloves unavailable)
SInv    +            (no boots)
Will    .....        I - amulet of magic regeneration
Stlth   ++++         c - ring of magical power
HPRegen 1.16/turn    y - +4 ring of protection
MPRegen 0.62/turn

%: no passive effects
@: slowed, very slow
A: claws 3, large bone plates 2, augmentation 1, demonic magic 2
a: Renounce Religion, Channel Magic, Forget Spell, Divine Exegesis


You were on level 13 of the Dungeon.
You worshipped Sif Muna.
Sif Muna was greatly pleased with you.
You visited 3 branches of the dungeon, and saw 16 of its levels.

You collected 1914 gold pieces.
You spent 675 gold pieces at shops.

Inventory:

Hand Weapons
 a - the +9 dagger "Fuipit" {freeze, Int+3 Dex+4 SInv Stlth-}
   (You found it on level 9 of the Dungeon)

   Int+3:     It affects your intelligence (+3).
   Dex+4:     It affects your dexterity (+4).
   SInv:      It lets you see invisible.
   Stlth-:    It makes you less stealthy.
 m - a +1 trident of flaming
 x - a +2 short sword of venom
Missiles
 v - 22 poisoned darts
 V - a curare-tipped dart
 X - 3 throwing nets
 Z - 3 datura-tipped darts
Armour
 i - the +3 crown of Dyrovepreva (worn) {rElec Int+2 SInv}
   (You found it on level 2 of the Lair of Beasts)

   Int+2:     It affects your intelligence (+2).
   rElec:     It insulates you from electricity.
   SInv:      It lets you see invisible.
 E - a +0 troll leather armour (worn)
 H - a +2 cloak of preservation (worn)
 J - a +1 robe of cold resistance
 O - a +4 ring mail
 Y - a +0 buckler (worn)
Magical Staves
 S - the staff of Wugeses (weapon) {^Drain rPois rC+++ Int+7 Alchemy}
   (You acquired it on level 12 of the Dungeon)

   [staff of alchemy]

   Base accuracy: +5 Base damage: 5 Base attack delay: 1.2 This weapon's minimum
   attack delay (0.6) is reached at skill level 12.
   Int+7:     It affects your intelligence (+7).
   rC+++:     It renders you almost immune to cold.
   rPois:     It protects you from poison ^Drain: It drains your maximum health
   when unequipped.
   Alchemy:   It increases the power of your Alchemy spells.
   It falls into the 'Staves' category.
   It is a one-handed weapon.
Jewellery
 c - a ring of magical power (left claw)
 q - a ring of ice
 r - a ring of magical power
 y - a +4 ring of protection (right claw)
 z - a ring of fire
 G - a ring of willpower
 I - an amulet of magic regeneration (around neck)
 P - a ring of poison resistance
Wands
 k - a wand of digging (4)
 s - a wand of polymorph (7)
 t - a wand of flame (23)
 u - a wand of mindburst (14)
 R - a wand of charming (9)
 U - a wand of roots (3)
Scrolls
 d - 3 scrolls of fog {unknown}
 e - 11 scrolls of teleportation
 f - a scroll of acquirement
 g - 2 scrolls of enchant armour {unknown}
 l - 5 scrolls of enchant weapon {unknown}
 n - 5 scrolls of amnesia {unknown}
 o - 6 scrolls of noise {unknown}
 w - 2 scrolls of poison
 B - 4 scrolls of blinking {unknown}
 D - 3 scrolls of revelation
 K - 2 scrolls of fear
 M - a scroll of silence
 Q - 3 scrolls of immolation
Potions
 b - 3 potions of magic
 h - a potion of might
 j - 2 potions of haste
 p - a potion of enlightenment
 C - 7 potions of curing
 F - 3 potions of berserk rage
 L - a potion of cancellation
 N - a potion of invisibility
 T - 3 potions of heal wounds
 W - 4 potions of brilliance
Miscellaneous
 A - a sack of spiders


   Skills:
 * Level 8.9 Fighting
 + Level 3.9 Short Blades
 + Level 0.2 Armour
 * Level 5.0 Dodging
 + Level 9.4 Stealth
 + Level 5.4 Shields
 + Level 6.4 Spellcasting
 + Level 5.1 Conjurations
 * Level 7.9 Summonings
 * Level 7.3 Air Magic
 * Level 9.9 Alchemy
 * Level 8.1 Invocations
 * Level 2.0 Evocations


You had 12 spell levels left.
You knew the following spells:

 Your Spells              Type           Power      Damage    Failure   Level
a - Sting                 Conj/Alch      100%       1d9       1%          1
b - Mercury Vapours       Alch/Air       100%       N/A       1%          2
c - Mephitic Cloud        Conj/Alch/Air  66%        N/A       1%          3
d - Olgreb's Toxic Radia  Alch           77%        N/A       1%          4
i - Call Imp              Summ           100%       N/A       1%          2

Your spell library contained the following spells:

 Spells                   Type           Power      Damage    Failure   Level
 Kiss of Death            Conj/Necr      92%        2d12      4%          1
 Freeze                   Ice            32%        1d5       12%         1
 Slow                     Hex            32%        N/A       12%         1
 Dazzling Flash           Conj/Hex       46%        N/A       12%         3
 Stone Arrow              Conj/Erth      46%        3d9       12%         3
 Sticky Flame             Fire/Alch      53%        2d9       16%         4
 Ensorcelled Hibernation  Hex/Ice        16%        N/A       17%         2
 Scorch                   Fire           16%        2d5       17%         2
 Sublimation of Blood     Necr           8%         N/A       17%         2
 Animate Armour           Summ/Erth      62%        N/A       22%         4
 Confusing Touch          Hex            8%         N/A       34%         3
 Fugue of the Fallen      Necr           8%         N/A       34%         3
 Sigil of Binding         Hex            8%         N/A       34%         3
 Vampiric Draining        Necr           8%         2d6       34%         3
 Volatile Blastmotes      Fire/Tloc      16%        2d11      34%         3
 Anguish                  Hex/Necr       4%         N/A       75%         4
 Dispel Undead            Necr           8%         3d8       75%         4
 Metabolic Englaciation   Hex/Ice        4%         N/A       97%         5
 Summon Hydra             Summ           26%        N/A       98%         7
 Starburst                Conj/Fire      11%        6d5       99%         6
 Ignition                 Fire           4%         3d4       100%        8
 Lehudib's Crystal Spear  Conj/Erth      11%        10d4      100%        8
 Maxwell's Capacitive Co  Air            24%        ∞         100%        8
 Fire Storm               Conj/Fire      11%        8d3       100%        9
 Polar Vortex             Ice            4%         N/A       100%        9


Dungeon Overview and Level Annotations

Branches:
Dungeon (13/15)            Temple (1/1) D:6            Lair (2/5) D:10
    Orc (0/2) D:10
  Swamp: Lair:2-3    Shoals: Lair:2-3     Snake: Lair:2-3    Spider: Lair:2-3
 Vaults: D:13-14

Altars:
Ashenzari
Cheibriados
Dithmenos
Fedhas
Gozag
Hepliaklqana
Kikubaaqudgha
Makhleb
Nemelex Xobeh
Okawaru
Qazlal
Ru
Sif Muna
Trog
Uskayaw
Vehumet
Wu Jian
Xom
Yredelemnul

Shops:
D:3 =   D:5 ?

Annotations:
D:5 3 runed translucent doors, lonewolfV2's ghost, novice FoFi
D:7 2 transporters, Curundu's ghost, novice MiBe


Innate Abilities, Weirdness & Mutations

You have claws for hands.
You are mostly covered in large bone plates. (SH +6)
Your magical and physical power is slightly enhanced at high health.
Spells you cast may paralyse nearby enemies.


Message History

The shadow is no longer paralysed.
Your cerulean imp hits the death knight but does no damage.
The shadow strikes at your cerulean imp from the darkness!
Your cerulean imp dies!
Your cerulean imp disappears in a puff of smoke!
The death knight hits you with a +0 battleaxe!
The death knight calls down the wrath of Yredelemnul upon you.
Your body is wracked with pain!
The phantasmal warrior gestures at you.
The phantasmal warrior blinks!
You closely miss the phantasmal warrior.
The phantasmal warrior hits you.
The death knight's dark mirror aura disappears.
You block the death knight's attack.
The freezing wraith hits you but does no damage.
The freezing wraith barely misses you. You block the shadow's attack.
The death knight hits you with a +0 battleaxe!
* * * LOW HITPOINT WARNING * * *
You completely miss the shadow.
The shadow is severely damaged.
The phantasmal warrior hits you but does no damage.
You block the freezing wraith's attack. The freezing wraith hits you.
* * * LOW HITPOINT WARNING * * *
The freezing wraith drains your vigour!
You feel yourself slow down. You block the shadow's attack.
The freezing wraith hits you but does no damage. x2
The death knight hits you but does no damage.
You hit the shadow but do no damage.
The shadow is severely damaged.
The phantasmal warrior hits you!
* * * LOW HITPOINT WARNING * * *
The freezing wraith closely misses you. The freezing wraith hits you.
* * * LOW HITPOINT WARNING * * *
You block the shadow's attack. You block the freezing wraith's attack.
The freezing wraith hits you.
* * * LOW HITPOINT WARNING * * *
The freezing wraith drains your vigour!
You feel as though you will be slow longer.
The death knight hits you with a +0 battleaxe!!
You die...

.## .. #. #.## ..#
≈≈≈~~.. #.##
~≈≈~~~..# #..#
~~≈~P...# #pW#
P~~.....# #@W#
.....P.# #WW#
...P...###..####.
#............?.
######..............
.................#..
.......p..#?..#..# .
######...###.###...
#....#...# ....


You could see a death knight, a phantasmal warrior, 2 freezing wraiths and a
shadow (invisible).

Vanquished Creatures
  2 entropy weavers (shapeshifter) (D:11)
  Fannar (D:12)
  2 hydras (Lair:2)
  4 boulder beetles
  6 two-headed ogres
  2 deep elf archers (D:11)
  4 deep elf pyromancers
  A cyclops (D:12)
  A manticore (D:12)
  2 ugly things (D:12)
  An elephant (D:10)
  2 gargoyles
  4 cane toads
  An unseen horror (D:10)
  A rime drake (Lair:1)
  4 komodo dragons
  Psyche (D:8)
  2 ice devils (Lair:2)
  3 trolls
  A raiju (shapeshifter) (D:11)
  Grinder (D:3)
  5 slime creatures (D:12)
  3 wraiths
  A shadow (D:11)
  29 yaks
  2 basilisks (Lair:1)
  A basilisk (shapeshifter) (D:11)
  4 hogs (D:7)
  5 fire bats (D:11)
  3 vampire mosquitoes (D:12)
  A human (D:7)
  Menkaure (D:5)
  An acid dragon (D:11)
  5 water moccasins
  An orc warrior (D:6)
  3 black bears
  5 ice beasts
  3 sky beasts
  2 laughing skulls (D:12)
  2 ogres
  4 centaurs
  Blork the orc (D:4)
  3 kobold brigands
  11 bullfrogs
  A gnoll sergeant (D:9)
  2 scorpions
  A water moccasin zombie (D:5)
  6 killer bees (D:10)
  4 howler monkeys
  A bombardier beetle (D:6)
  A bullfrog zombie (D:5)
  A hound (D:4)
  2 jellies
  3 orc priests
  A gnoll bouda (D:8)
  5 sleepcaps
  Jessica (D:3)
  14 orc wizards
  6 iguanas
  Natasha (thrice) (D:3)
  Robin (D:2)
  11 gnolls
  13 adders
  3 shadow imps (D:6)
  A white imp (D:7)
  3 ufetubi
  2 ribbon worms (D:4)
  3 dart slugs
  38 orcs
  4 endoplasms
  5 giant cockroaches
  7 goblins
  8 hobgoblins
  4 jackals (D:2)
  10 kobolds
  7 quokkas
  6 ball pythons
  5 bats
  2 frilled lizards
  5 rats
332 creatures vanquished.

Vanquished Creatures (collateral kills)
  A troll (D:12)
  3 yaks (Lair:2)
  A bullfrog (Lair:2)
5 creatures vanquished.

Grand Total: 337 creatures vanquished

Notes
Turn   | Place    | Note
-------+----------+-------------------------------------------
     0 | D:1      | Ekaitz the Demonspawn Alchemist began the quest for the
                  | Orb.
     0 | D:1      | Reached XP level 1. HP: 13/13 MP: 3/3
   219 | D:1      | Found a faded altar of an unknown god.
   380 | D:1      | Gained mutation: Spells you cast may paralyse adjacent
                  | enemies. [demonic ancestry]
   380 | D:1      | Reached XP level 2. HP: 20/20 MP: 5/5
   383 | D:1      | Learned a level 2 spell: Mercury Vapours
   961 | D:2      | Noticed Robin
  1032 | D:2      | Reached skill level 1 in Fighting
  1032 | D:2      | Gained mutation: Spells you cast may paralyse nearby
                  | enemies. [demonic ancestry]
  1032 | D:2      | Reached XP level 3. HP: 21/26 MP: 6/6
  1036 | D:2      | Learned a level 3 spell: Mephitic Cloud
  1491 | D:2      | Killed Robin
  1492 | D:2      | Reached XP level 4. HP: 32/32 MP: 7/7
  1891 | D:3      | Noticed Jessica
  1895 | D:3      | Killed Jessica
  1896 | D:3      | Reached skill level 1 in Air Magic
  2019 | D:3      | Gained mutation: You are partially covered in large bone
                  | plates. (SH +4) [demonic ancestry]
  2019 | D:3      | Reached XP level 5. HP: 36/38 MP: 3/8
  2151 | D:3      | Noticed Grinder
  2182 | D:3      | Killed Grinder
  2183 | D:3      | Gained mutation: You are mostly covered in large bone
                  | plates. (SH +6) [demonic ancestry]
  2183 | D:3      | Reached XP level 6. HP: 26/46 MP: 10/10
  2188 | D:3      | Learned a level 4 spell: Olgreb's Toxic Radiance
  2370 | D:3      | Noticed Natasha
  2382 | D:3      | Killed Natasha
  2618 | D:3      | Noticed Natasha
  2648 | D:3      | Killed Natasha
  2744 | D:3      | Found Vallo's Jewellery Emporium.
  2757 | D:3      | Found a sparkling altar of Nemelex Xobeh.
  2819 | D:3      | Noticed Natasha
  2825 | D:3      | Killed Natasha
  3032 | D:4      | Reached XP level 7. HP: 46/52 MP: 11/11
  3066 | D:4      | Noticed Blork the orc
  3085 | D:4      | Killed Blork the orc
  3374 | D:4      | Reached skill level 1 in Short Blades
  3374 | D:4      | Reached skill level 5 in Alchemy
  3688 | D:5      | Entered Level 5 of the Dungeon
  3711 | D:5      | Noticed Menkaure
  3785 | D:5      | Learned a level 2 spell: Call Imp
  3931 | D:5      | Gained mutation: You have sharp fingernails. [demonic
                  | ancestry]
  3931 | D:5      | Reached XP level 8. HP: 33/60 MP: 12/12
  4085 | D:5      | Found a runed translucent gate.
  4085 | D:5      | Found a runed translucent gate.
  4085 | D:5      | Found a runed translucent gate.
  4085 | D:5      | Noticed lonewolfV2's ghost (novice FoFi)
  4087 | D:5      | Found a basalt altar of Yredelemnul.
  4092 | D:5      | Reached skill level 1 in Summonings
  4393 | D:5      | Killed Menkaure
  4394 | D:5      | Reached skill level 5 in Stealth
  4493 | D:5      | Found Dusaworr's Magic Scroll Shoppe.
  4497 | D:5      | Bought a scroll of teleportation for 30 gold pieces
  4497 | D:5      | Bought a scroll of teleportation for 30 gold pieces
  4497 | D:5      | Bought a scroll of identify for 20 gold pieces
  4497 | D:5      | Bought a scroll of revelation for 75 gold pieces
  4802 | D:6      | Found an opulent altar of Gozag.
  4870 | D:6      | Found a staircase to the Ecumenical Temple.
  4883 | Temple   | Entered the Ecumenical Temple
  5045 | D:6      | Gained mutation: You have very sharp fingernails. [demonic
                  | ancestry]
  5045 | D:6      | Reached XP level 9. HP: 66/66 MP: 14/14
  5164 | D:6      | Reached skill level 1 in Shields
  5433 | D:7      | Noticed a troll
  5443 | D:7      | Killed a troll
  5911 | D:7      | Found a shimmering blue altar of Sif Muna.
  5919 | D:7      | Became a worshipper of Sif Muna the Loreminder
  5982 | D:7      | Noticed Curundu's ghost (novice MiBe)
  5984 | D:7      | Identified the +8 dire flail "Ysodwaiclu" {freeze, rPois
                  | rN+ Str-3 Dex+2}
  5984 | D:7      | Identified the +1 dire flail of Evisceration {drain, rPois
                  | rF- Will++ Dex+3}
  5984 | D:7      | Noticed a two-headed ogre
  6058 | D:7      | Found a transporter.
  6187 | D:7      | Reached skill level 5 in Fighting
  6187 | D:7      | Reached skill level 1 in Invocations
  6318 | D:7      | Found a transporter.
  6424 | D:8      | Noticed a two-headed ogre
  6453 | D:8      | Killed a two-headed ogre
  6454 | D:8      | Reached XP level 10. HP: 74/74 MP: 16/16
  6631 | D:8      | Reached * piety under Sif Muna
  6682 | D:8      | Noticed Psyche
  6690 | D:8      | Killed Psyche
  6723 | D:8      | Found an iron altar of Okawaru.
  6978 | D:9      | Identified the +9 dagger "Fuipit" {freeze, Int+3 Dex+4 SInv
                  | Stlth-}
  7397 | D:10     | Entered Level 10 of the Dungeon
  7400 | D:10     | Noticed a two-headed ogre
  7414 | D:10     | Killed a two-headed ogre
  7507 | D:10     | Reached ** piety under Sif Muna
  7536 | D:10     | Found a staircase to the Lair.
  7536 | D:10     | Noticed an elephant
  7554 | D:10     | Killed an elephant
  7555 | D:10     | Reached skill level 5 in Summonings
  7555 | D:10     | Reached skill level 5 in Air Magic
  7649 | D:10     | Found a shadowy altar of Dithmenos.
  7655 | D:10     | Noticed a gargoyle
  7665 | D:10     | Killed a gargoyle
  7863 | D:10     | Found a staircase to the Orcish Mines.
  7940 | D:10     | Gained mutation: Your magical and physical power is
                  | slightly enhanced at high health. [demonic ancestry]
  7940 | D:10     | Reached XP level 11. HP: 82/82 MP: 17/17
  8010 | D:10     | Noticed a two-headed ogre
  8019 | D:10     | Killed a two-headed ogre
  8312 | D:10     | Found a sacrificial altar of Ru.
  8384 | Lair:1   | Entered Level 1 of the Lair of Beasts
  8519 | Lair:1   | Reached skill level 5 in Spellcasting
  8566 | Lair:1   | Reached skill level 5 in Invocations
  8643 | Lair:1   | HP: 2/83 [komodo dragon (28)]
  8648 | Lair:1   | Reached *** piety under Sif Muna
  8673 | Lair:1   | Reached XP level 12. HP: 31/91 MP: 19/19
 10023 | Lair:2   | Got the Anthology of the Blistering Crevasse
 10063 | Lair:2   | Noticed a four-headed hydra
 10071 | Lair:2   | Killed a four-headed hydra
 10108 | Lair:2   | Found the +3 crown of Dyrovepreva {rElec Int+2 SInv}
 10141 | Lair:2   | Noticed a five-headed hydra
 10154 | Lair:2   | Killed a five-headed hydra
 10253 | Lair:2   | Found a frozen archway.
 10610 | D:5      | Bought a scroll of acquirement for 520 gold pieces
 10690 | D:11     | Noticed a two-headed ogre
 10698 | D:11     | Killed a two-headed ogre
 10699 | D:11     | Reached skill level 5 in Shields
 10921 | D:11     | Noticed a boulder beetle
 10933 | D:11     | Killed a boulder beetle
 10934 | D:11     | Gained mutation: You have claws for hands. [demonic
                  | ancestry]
 10934 | D:11     | Reached XP level 13. HP: 74/98 MP: 21/21
 11448 | D:11     | Acquired 590 gold pieces
 11871 | D:11     | Reached skill level 5 in Conjurations
 13139 | D:12     | Reached **** piety under Sif Muna
 13140 | D:12     | Reached skill level 1 in Evocations
 13376 | D:12     | Noticed Fannar
 13404 | D:12     | Killed Fannar
 13450 | D:12     | Reached skill level 5 in Dodging
 13492 | D:12     | Got Wecog's Parchment of the Crevasse
 13715 | D:12     | Acquired the staff of Wugeses {^Drain rPois rC+++ Int+7
                  | Alchemy}
 13766 | D:13     | Found a radiant altar of Vehumet.
 13794 | D:13     | HP: 2/100 [freezing wraith[a death knight] (4)]
 13794 | D:13     | Demolished by a death knight

Illustrated notes

Levels and vault maps discovered:
D:1:      eino_arrival_cavern_e, layout_loops_cross,
          shapermc_ecumenical_altar_mp_ritualfount
D:2:      layout_basic, minmay_pentomino_x2, uniq_robin
D:3:      layout_loops_ring, nicolae_overflow_hidden_temple, serial_shops, shop,
          nicolae_houndstooth_variations, uniq_jessica, uniq_grinder,
          uniq_natasha
D:4:      layout_rooms, grunt_tough_drop, uniq_blork_the_orc
D:5:      layout_basic, nicolae_yredelemnul_ghost_church, serial_shops,
          nicolae_shop_rolled_up, dreamdust_mushroom_princess, uniq_menkaure
D:6:      layout_layer_cave, nicolae_gozag_seed_capital,
          minmay_temple_entry_large_hall, minmay_quadrilaterals
D:7:      layout_loops_ring, lemuel_coloured_pillars_altar,
          gammafunk_ghost_smash, grunt_livestock
D:8:      layout_rooms, hellmonk_okawaru_the_only_friend_you_need, uniq_psyche
D:9:      layout_big_octagon, small_statue_intersection
D:10:     layout_irregular_city, kennysheep_little_box,
          grunt_dithmenos_smoke_and_mirrors, grunt_lair_entry_orc_guard_hut,
          orc_0_dummy, grunt_ogre_cave
D:11:     dpeg_index_elf_rogue_hall, layout_layer_cave, wad_floor_pattern_2
D:12:     kennysheep_six_static_rooms, layout_long_grid, minmay_misc_feat_rows,
          uniq_fannar
D:13:     minmay_dotted_concentric_squares, layout_small_grid, serial_shops,
          shop, fungi_pond_lemuel, vehumet_crystals, uniq_rupert
Temple:   regret_index_temple_generic_petals
Lair:1:   layout_layer_cave, grunt_megastairs_4, serial_bayou_shore_b
Lair:2:   layout_small_grid, portal_ice_cave_demonic_guard

Skill      XL: |  1  2  3  4  5  6  7  8  9 10 11 12 13 |
---------------+----------------------------------------+-----
Fighting       | 1 2 3 4 5 6 7 8 |  8.9
Stealth        | 2 3 4 5 6 7 8 9 |  9.4
Alchemy        | 4 5 6 7 8 9 |  9.9
Air Magic      | 1 2 3 4 5 6 7 |  7.3
Dodging        | 2 3 4 5 |  5.0
Short Blades   | 1 2 3 |  3.9
Spellcasting   | 3 4 5 6 |  6.4
Conjurations   | 2 3 4 5 |  5.1
Summonings     | 2 4 5 6 7 |  7.9
Shields        | 1 2 4 5 |  5.4
Invocations    | 3 4 6 7 8 |  8.1
Evocations     | 2 |  2.0
Armour         | |  0.2

Action                     |  1- 3 |  4- 6 |  7- 9 | 10-12 | 13-15 || total
---------------------------+-------+-------+-------+-------+-------++-------
  Melee: Unarmed           |     1 |       |       |       |       ||     1
         Short sword       |    15 |       |   140 |   161 |   161 ||   477
         Dagger            |       |    52 |    10 |       |       ||    62
         Punch             |       |       |     1 |       |       ||     1
         Staff             |       |       |       |       |    11 ||    11
   Cast: Sting             |    46 |    56 |   115 |   128 |   105 ||   450
         Mercury Vapours   |       |     5 |     9 |    24 |     8 ||    46
         Olgreb's Toxic Ra |       |       |     4 |    13 |    18 ||    35
         Mephitic Cloud    |       |       |     4 |     2 |       ||     6
         Call Imp          |       |       |       |     4 |    16 ||    20
    Use: Scroll            |       |       |       |    16 |     4 ||    20
         Potion            |       |       |       |     5 |       ||     5
   Stab: Paralysed         |     5 |    23 |    63 |    64 |    61 ||   216
         Sleeping          |     1 |     8 |    12 |    12 |     8 ||    41
         Confused          |       |       |     2 |     2 |       ||     4
         Distracted        |       |       |       |       |     1 ||     1
 Armour: Robe              |    12 |       |       |       |       ||    12
         Animal skin       |       |    37 |    61 |   141 |    70 ||   309
         Troll leather arm |       |       |       |       |   100 ||   100
  Dodge: Dodged            |    23 |    30 |    77 |    80 |   109 ||   319
  Block: Other             |       |     9 |    30 |    16 |       ||    55
         Buckler           |       |       |       |    81 |   141 ||   222
